 Dungeon Crawl Stone Soup version 0.20.1-1-g8b1a95d (webtiles) character file.

51 Linguinho the Chucker (level 3, 0/35 HPs)
             Began as a Troll Hunter on Nov 14, 2017.
             Slain by an adder (2 damage)
             ... on level 2 of the Dungeon.
             The game lasted 00:02:16 (1317 turns).

Linguinho the Chucker (Troll Hunter)                Turns: 1317, Time: 00:02:17

Health: 0/35       AC:  5    Str: 21    XL:     3   Next: 58%
Magic:  2/2        EV: 10    Int:  7    God:
Gold:   78         SH:  0    Dex: 10    Spells: 2/2 levels left

rFire    + . .     SeeInvis .   (no weapon)
rCold    + . .     Gourm    +   (no shield)
rNeg     . . .     Faith    .   b - +0 robe
rPois    .         Spirit   .   (helmet restricted)
rElec    .         Reflect  .   g - scarf {rC+ rF+}
rCorr    .         Harm     .   (gloves unavailable)
MR       .....                  (boots unavailable)
Stlth    +.........             (no amulet)
Regen    0.6/turn               (no ring)
MPRegen  0.1/turn               (no ring)

@: lethally poisoned (0 -> 0)
A: unfitting armour, claws 3, fast metabolism 3, gourmand, regeneration 1,
shaggy fur 1, tough skin 2
a: no special abilities


You were on level 2 of the Dungeon.
You were completely stuffed.

You visited 1 branch of the dungeon, and saw 2 of its levels.

You collected 78 gold pieces.

Inventory:

Hand Weapons
 h - a +0 club
Missiles
 c - 5 large rocks (quivered)
 d - 3 throwing nets
Armour
 b - a +0 robe (worn)
 g - a scarf of resistance (worn)
Jewellery
 e - an uncursed ring of stealth {unknown}
 r - an uncursed ring of stealth {unknown}
Scrolls
 a - a scroll of recharging {unknown}
 i - a scroll of noise {unknown}
 k - a scroll of fog {unknown}
 l - 2 scrolls of blinking {unknown}
 n - 2 scrolls of identify {unknown}
 o - a scroll of magic mapping {unknown}
 q - 2 scrolls of amnesia {unknown}
Potions
 j - 2 potions of heal wounds {unknown}
 m - a potion of haste {unknown}
Comestibles
 f - 4 bread rations


   Skills:
 + Level 1.7 Fighting
 * Level 0.3 Maces & Flails
 * Level 4.5 Throwing
 + Level 1.6 Dodging
 + Level 0.5 Stealth
 + Level 0.4 Unarmed Combat


You had 2 spell levels left.
You didn't know any spells.

Dungeon Overview and Level Annotations

Branches:
Dungeon (2/15)

Altars:
Trog


Innate Abilities, Weirdness & Mutations

You are too large for most types of armour.
You have claws for hands.
Your metabolism is lightning-fast.
You like to eat raw meat.
Your natural rate of healing is unusually fast.
You are covered in fur. (AC +1)
You have very tough skin. (AC +2)


Message History

Okay, then.
You are now empty-clawed.
Really attack barehanded?
Okay, then.
Really attack barehanded?
You scratch the adder but do no damage.
The adder is severely wounded.
The adder completely misses you.
You barely miss the adder.
The adder is severely wounded.
You feel sick.
The adder bites you but does no damage. x2
Unknown command.
You miss the adder.
The adder is severely wounded.
The adder bites you but does no damage.
Unknown command.
You scratch the adder but do no damage.
The adder is severely wounded.
The adder bites you.
You die...

.#.....#########.##############..
.'.....'......................'..
.#.....#####...)###############..
.#.....##..'....# #..
.#.[...##.##....# #..
.#.....##.##....# #..
.#.....##.##....###############..
.########.###+#.##..........)##..
.########.###.#.@SK..........##..
.#............####...........####
.#.######.##### #...........#
.#<....####### #...........#
.#.#######⌠#§### #...........#
.#....##≈≈≈§≈≈≈###...........#
.######⌠≈.§...≈⌠##...........#
.##..###≈§._..≈###...........#
.#....#§§....§§§##...........#


You could see an adder and a kobold.

Vanquished Creatures
  2 adders (D:2)
  A worm (D:2)
  A leopard gecko (D:1)
  4 ball pythons
  2 bats
  A giant cockroach (D:1)
  2 goblins (D:1)
  7 hobgoblins
  4 kobolds
  3 frilled lizards (D:1)
  A rat (D:1)
28 creatures vanquished.

Notes
Turn   | Place    | Note
-------+----------+-------------------------------------------
     0 | D:1      | Linguinho the Troll Hunter began the quest for the Orb.
     0 | D:1      | Reached XP level 1. HP: 19/19 MP: 0/0
    94 | D:1      | Reached XP level 2. HP: 27/27 MP: 1/1
   255 | D:1      | Reached skill level 4 in Throwing
   516 | D:2      | Found a bloodstained altar of Trog.
   569 | D:2      | Reached XP level 3. HP: 13/35 MP: 2/2
  1210 | D:2      | Found a bloodstained altar of Trog.
  1310 | D:2      | HP: 1/35 [adder (4)]
  1315 | D:2      | HP: 1/35 [poisoned by an adder]
  1317 | D:2      | Slain by an adder

Skill      XL: |  1  2 |
---------------+-------+-----
Throwing       | 4 |  4.5
Fighting       | |  1.7
Maces & Flails | |  0.3
Dodging        | |  1.6
Stealth        | |  0.5
Unarmed Combat | |  0.4

Action                   || total
-------------------------++-------
Melee: Unarmed           ||    40
       Club              ||   105
  Eat: Chunk             ||    18
Armor: Robe              ||    66
Dodge: Dodged            ||    87
